 Dungeon Crawl Stone Soup version 0.27.1 (webtiles) character file.

Game seed: 4079788644882202893

22 safid the Skirmisher (level 2, 0/27 HPs)
             Began as a Hill Orc Fighter on Aug 22, 2021.
             Succumbed to a goblin's poison
             ... on level 1 of the Dungeon.
             The game lasted 00:03:22 (1073 turns).

safid the Skirmisher (Hill Orc Fighter)             Turns: 1073, Time: 00:03:22

Health: 0/27       AC:  6    Str: 18    XL:     2   Next: 91%
Magic:  2/2        EV:  7    Int:  8    God:
Gold:   12         SH:  9    Dex: 10    Spells: 1/1 levels left

rFire    + . .     SeeInvis .   a - +0 war axe
rCold    + . .     Faith    .   c - +0 kite shield
rNeg     . . .     Spirit   .   b - +0 scale mail
rPois    +         Reflect  .   (no helmet)
rElec    +         Harm     .   (no cloak)
rCorr    +         Rampage  .   (no gloves)
Will     .....                  (no boots)
Stlth    ..........             (no amulet)
HPRegen  0.09/turn              (no ring)
MPRegen  0.08/turn              (no ring)

@: lethally poisoned (0 -> -25), resistant
A: no striking features
a: no special abilities


You were on level 1 of the Dungeon.
You visited 1 branch of the dungeon, and saw 1 of its levels.

You collected 12 gold pieces.

Inventory:

Hand Weapons
 a - a +0 war axe (weapon)
Missiles
 e - 28 stones (quivered)
Armour
 b - a +0 scale mail (worn)
 c - a +0 kite shield (worn)
Potions
 d - a potion of might
 f - a potion of resistance


   Skills:
 + Level 3.9 Fighting
 + Level 3.1 Axes
 + Level 3.5 Armour
 + Level 3.6 Shields
 + Level 1.1 Invocations


You had one spell level left.
You didn't know any spells.
Your spell library was empty.

Dungeon Overview and Level Annotations

Branches:
Dungeon (1/15)

Altars:

Shops:
D:1 !


Message History

You kill the bat!
You block the quokka's attack.
You hit the quokka.
The quokka is moderately wounded.
The quokka bites you. The quokka closely misses you.
You closely miss the quokka.
The quokka is moderately wounded.
The quokka bites you but does no damage.
You block the quokka's attack.
Unknown command.
You slash the quokka!
You kill the quokka!
You block the goblin's attack.
You slash the goblin!
You kill the goblin!
The goblin hits you but does no damage.
You are poisoned.
You hit the goblin.
The goblin is severely wounded.
You feel very sick. You block the goblin's attack. x2
You completely miss the goblin.
The goblin is heavily wounded.
You feel sick. The goblin hits you but does no damage.
You are more poisoned.
You closely miss the goblin.
The goblin is heavily wounded.
You feel very sick. You block the goblin's attack.
The goblin hits you but does no damage.
You are lethally poisoned!
You barely miss the goblin.
The goblin is heavily wounded.
* * * LOW HITPOINT WARNING * * *
You feel extremely sick.
The goblin hits you with a +2 dagger of venom.
* * * LOW HITPOINT WARNING * * *
You are more poisoned.
It was a potion of resistance.
You feel protected.
You die...

##..## #..## #..........##......
#...####.## #..........##.#.)..
##........#####..........#K.#....
.................................
.................÷.8.............
.......########..........w###..:.
...........# #####∩##....# #....
......####.## ####w....##........
......# #..###.@gKg#............
.....## ##.#...###(#.#########..
....## #...##...8..# ....#
##.####......#
....######>.####......#
......................#
.....###...###........##.
.........#.......>........
.....##..#...##...........


You could see a dart slug, 2 goblins and a kobold.

Vanquished Creatures
  A ball python (D:1)
  3 endoplasms (D:1)
  3 goblins (D:1)
  A hobgoblin (D:1)
  4 quokkas (D:1)
  2 bats (D:1)
  A kobold (D:1)
  4 rats (D:1)
19 creatures vanquished.

Notes
Turn   | Place    | Note
-------+----------+-------------------------------------------
     0 | D:1      | safid the Hill Orc Fighter began the quest for the Orb.
     0 | D:1      | Reached XP level 1. HP: 19/19 MP: 1/1
   659 | D:1      | Reached XP level 2. HP: 27/27 MP: 2/2
   723 | D:1      | Found Ihuong's Distillery.
   753 | D:1      | Reached skill level 1 in Invocations
  1073 | D:1      | Succumbed to a goblin's poison

Illustrated notes

Levels and vault maps discovered:
D:1:      lordsloth_arrival_two_stooges, layout_rooms, serial_shops,
          shop_statue, minmay_octomino_c4

Skill      XL: |  1  2 |
---------------+-------+-----
Axes           | 3 |  3.1
Invocations    | 1 |  1.1
Fighting       | |  3.9
Armour         | |  3.5
Shields        | |  3.6

Action                   || total
-------------------------++-------
Melee: War axe           ||    68
Throw: Stone             ||     7
  Use: Potion            ||     1
Armor: Scale mail        ||    34
Dodge: Dodged            ||    30
Block: Kite shield       ||    46
